Cogmind - Beta 17 @@@ ROGUE MODE // 2026.08.03 @ 14:00:57 Player: Sysandra Result: Destroyed by H-61 Shepherd with Heavy Assault Cannon Performance ------------- Evolutions (2) 1000 Regions Visited (5) 1000 Robots Destroyed (35) 175 Value Destroyed (1466) 1466 Prototype IDs (25) 500 Alien Tech Used (0) 0 Bonus (461) 461 TOTAL SCORE: 4602 Bonus ------- High Alert Combat Kills 74 Follower Combat Kills 118 Aligned with FarCom 300 Friendly Fire -31 Cogmind --------- Core Integrity 0/550 Matter 285/300 Energy 295/310 System Corruption 2% Temperature Hot (237) Movement Core (250) Ox4 Location -8/Materials Parts ------- > --- POWER (1) -------- Heavy Deuterium Engine > --- PROPULSION (4) --- (None) > --- UTILITY (3) ------ (None) > --- WEAPON (3) ------- Precision Beam Rifle > --- INVENTORY (5) ---- Improved Ion Engine Aluminum Leg Carbon-fiber Leg Flight Unit Peak State ------------ > --- POWER ------------ Light Angular Momentum Engine > --- PROPULSION ------- Wheel Armored Huge Wheel > --- UTILITY ---------- Improved Cooling System > --- WEAPON ----------- Precision Beam Rifle Precision Beam Rifle Flak Cannon > --- INVENTORY -------- Heavy Deuterium Engine Aluminum Leg Carbon-fiber Leg [Rating: 29] Favorites ----------- Power Improved Ion Engine Engine Improved Ion Engine Propulsion Wheel Leg Aluminum Leg Wheel Wheel Utility Medium Armor Plating Device Improved Shield Generator Hackware Hacking Suite Protection Medium Armor Plating Weapon Autogun Energy Gun Precision Beam Rifle Ballistic Gun Autogun Ballistic Cannon Flak Cannon Slashing Weapon Katana Build | -11 -10 -10 -10 -9 -8 ------- Run | Yrd Mat Min Exi Min Mat Slots Evolved 4 | . . . . . 4 Power . | . . . . . . Propulsion 2 | . . . . . 2 Utility 1 | . . . . . 1 Weapon 1 | . . . . . 1 Parts Attached 28 | 5 . . . 7 16 Power 5 | 1 . . . 1 3 Engine 5 | 1 . . . 1 3 Core . | . . . . . . Reactor . | . . . . . . Propulsion 7 | 2 . . . 2 3 Treads . | . . . . . . Leg 2 | . . . . 2 . Wheel 5 | 2 . . . . 3 Hover . | . . . . . . Flight . | . . . . . . Utility 6 | . . . . 2 4 Device 3 | . . . . 1 2 Storage . | . . . . . . Processor . | . . . . . . Hackware 1 | . . . . . 1 Protection 2 | . . . . 1 1 Artifact . | . . . . . . Weapon 10 | 2 . . . 2 6 Energy Gun 3 | 1 . . . . 2 Energy Cannon . | . . . . . . Ballistic Gun 4 | 1 . . . 2 1 Ballistic Cannon 1 | . . . . . 1 Launcher . | . . . . . . Special Weapon . | . . . . . . Impact Weapon . | . . . . . . Slashing Weapon 2 | . . . . . 2 Piercing Weapon . | . . . . . . Special Melee Weapon . | . . . . . . Unidentified Prototypes 2 | . . . . . 2 Parts Lost 21 | . 2 3 . . 16 Power 3 | . . 1 . . 2 Propulsion 5 | . . 2 . . 3 Utility 4 | . . . . . 4 Weapon 9 | . 2 . . . 7 Highest Loss Streak 9 | . 2 3 . . 9 To Critical Strikes . | . . . . . . Average Backups . | . . . . . 1 Power . | . . . . . . Propulsion . | . . . . . 1 Utility . | . . . . . . Weapon . | . . . . . . Tool/Special . | . . . . . . Unused Backups 4 | . . . . . 4 Power 1 | . . . . . 1 Propulsion 2 | . . . . . 2 Utility 1 | . . . . . 1 Weapon . | . . . . . . Tool/Special . | . . . . . . Average Slot Usage (%) 53 | . 67 11 . 72 70 Engine 6 | . 14 3 . 8 8 Leg 6 | . . . . 16 6 Wheel 9 | . 28 7 . . 14 Device 5 | . . . . 8 8 Hackware 1 | . . . . . 3 Protection 5 | . . . . 12 5 Energy Gun 3 | . 12 . . . 5 Ballistic Gun 12 | . 11 . . 25 14 Ballistic Cannon 1 | . . . . . 2 Peak Build Rating 29 | 5 5 3 1 10 29 Average Rating 11 | 4 4 . . 8 21 On Entrance 3 | . 5 3 . . 10 Avg Prop Armor Cover (%) 8 | . . . . . 8 Naked Turns 458 | . . 81 359 18 . Heaviest Build 29 | 7 7 3 . 19 29 Greatest Support 48 | 20 20 20 3 20 48 Greatest Overweight (x) 7 | . . . . 4 7 Average Overweight (x) . | . . . . . . Largest Inventory Capacity 5 | 5 5 5 5 5 5 Average Capacity 5 | 5 5 5 5 5 5 Most Carried 5 | 3 . . 1 1 5 Average Carried . | . . . . . 1 Final Capacity 5 | 5 5 5 5 5 5 Final Carried 4 | . . . . . 4 Class Distribution -------------------- 52% | Mutant 17% | Scavenger-Tank 17% | Scavenger-Mutant 11% | Skirmisher Dominant Class ---------------- Mutant | -10/Materials Mutant | -10/Mines Mutant | -10/Exiles Scavenger-Mutant | -9/Mines Scavenger-Tank | -8/Materials Resources | -11 -10 -10 -10 -9 -8 ----------- Run | Yrd Mat Min Exi Min Mat Matter Collected 949 | 262 26 . . 88 573 Remotely . | . . . . . . Salvage Created 1461 | 42 134 . . 42 1243 Parts 78 | 3 6 . . 3 66 Haulers Intercepted . | . . . . . . Recyclers Shooed 1 | . . . . . 1 Parts Field Recycled . | . . . . . . Retrieved Matter . | . . . . . . Parts Self-Destructed . | . . . . . . Prevented . | . . . . . . Parts Restored . | . . . . . . Kills | -11 -10 -10 -10 -9 -8 ------- Run | Yrd Mat Min Exi Min Mat Combat Hostiles Destroyed 33 | 1 3 . . 1 28 Melee 2 | . . . . . 2 Guns 24 | 1 1 . . 1 21 Cannons 5 | . . . . . 5 AOE 2 | . 2 . . . . Classes Destroyed 9 | 1 . . . . 8 Operator 1 | . . . . . 1 Watcher 1 | . . . . . 1 Swarmer 4 | . . . . . 4 Grunt 19 | 1 3 . . 1 14 Brawler 3 | . . . . . 3 Duelist 1 | . . . . . 1 Protector 1 | . . . . . 1 Sentry 4 | . . . . . 4 Hunter 1 | . . . . . 1 Best Kill Streak 7 | 1 3 . . 1 7 Combat Bots Only 7 | 1 3 . . 1 7 Max Kills in Single Turn 1 | 1 1 . . 1 1 Gunslinging . | . . . . . . Exploded 1 | . 1 . . . . Melee 1 | . . . . . 1 Uniques/NPCs Destroyed . | . . . . . . Combat | -11 -10 -10 -10 -9 -8 -------- Run | Yrd Mat Min Exi Min Mat Hostile Shots Fired 227 | 5 29 3 . . 190 Missed 67 | 1 9 . . . 57 Hits 160 | 4 20 3 . . 133 Melee 1 | . . 1 . . . Projectile 159 | 4 20 2 . . 133 AOE 2 | . . 2 . . . Critical Strikes 9 | . . . . . 9 Damage Taken 2594 | 46 268 84 . 22 2174 Core 695 | . 50 61 . . 584 Absorbed by Shields 174 | . . . . . 174 Core Remaining (%) 77 | 100 . . . 55 . Volleys Fired 87 | 4 17 . . 1 65 Largest 3 | 2 2 . . 2 3 Hottest 159 | 60 60 . . 46 159 Shots Fired 206 | 8 29 . . 2 167 Gun 185 | 8 29 . . 2 146 Cannon 21 | . . . . . 21 Launcher . | . . . . . . Special . | . . . . . . Kinetic 128 | 4 12 . . 2 110 Thermal 57 | . . . . . 57 Explosive . | . . . . . . Electromagnetic 21 | 4 17 . . . . Robot Hit Streak 12 | 2 3 . . 1 12 Robot Miss Streak 4 | 1 2 . . 1 4 Penetration Max . | . . . . . . Secondary Targets 4 | . 1 . . . 3 Max Gunslinging Chain 1 | . 1 . . . 1 Shots Hit Robots 138 | 3 15 . . 1 119 Core Hits 86 | 2 7 . . 1 76 Critical Kills 2 | . . . . . 2 Critical Parts Destroyed 1 | . . . . . 1 Critical Strikes 8 | . . . . . 8 Burn 5 | . . . . . 5 Destroy 3 | . . . . . 3 Melee Attacks 4 | . . . . . 4 Impact . | . . . . . . Slashing 4 | . . . . . 4 Piercing . | . . . . . . Sneak Attacks . | . . . . . . Combat Hostiles . | . . . . . . Follow-up Attacks . | . . . . . . Damage Inflicted 2571 | 41 308 . . 16 2206 Guns 1992 | 41 226 . . 15 1710 Cannons 369 | . . . . . 369 Explosions 82 | . 82 . . . . Melee 112 | . . . . . 112 Ramming 16 | . . . . 1 15 Kinetic 1487 | 13 109 . . 15 1350 Thermal 811 | . 82 . . . 729 Explosive . | . . . . . . Electromagnetic 145 | 28 117 . . . . Impact . | . . . . . . Slashing 112 | . . . . . 112 Piercing . | . . . . . . Highest Corruption 2 | . . . . . 2 Average Corruption 2 | . . . . . 2 Corruption Purged . | . . . . . . Corruption Blocked . | . . . . . . Effects 17 | . . . . . 17 Message Errors 2 | . . . . . 2 Matter Fused 5 | . . . . . 5 Heat Flow Errors 2 | . . . . . 2 Energy Discharges 2 | . . . . . 2 Data Loss (major) 1 | . . . . . 1 Alerts 2 | . . . . . 2 Weapon Failures 3 | . . . . . 3 Overload Shots . | . . . . . . Overflow Damage 10 | . . . . . 10 Projectiles 10 | . . . . . 10 Explosions . | . . . . . . Melee . | . . . . . . Knockbacks 14 | . . . . . 14 Impact . | . . . . . . Kinetic 13 | . . . . . 13 Secondary 1 | . . . . . 1 Self-Inflicted Damage 7 | . . . . . 7 Shots . | . . . . . . Rammed 3 | . . . . . 3 Targets Rammed 4 | . . . . 1 3 Kicked 1 | . . . . 1 . Crushed . | . . . . . . Highest Temperature 369 | 18 65 . . 2 369 Average Temperature 76 | 14 38 . . 1 91 Received Heat Transfer 985 | 24 150 . . . 811 Siege Activations . | . . . . . . Martial Activations . | . . . . . . Shielding Activations . | . . . . . . Robots Disrupted . | . . . . . . Combat Hostiles . | . . . . . . Robots Corrupted . | . . . . . . Combat Hostiles . | . . . . . . Parts Fried . | . . . . . . Impact Corruptions . | . . . . . . Robots Melted . | . . . . . . Combat Hostiles . | . . . . . . Parts Melted 4 | . . . . . 4 Heat Transferred 2061 | . 100 . . . 1961 Parts Sabotaged . | . . . . . . Parts Stolen . | . . . . . . Parts Stripped . | . . . . . . Power Chain Reactions 2 | . 2 . . . . Alert | -11 -10 -10 -10 -9 -8 ------- Run | Yrd Mat Min Exi Min Mat Maximum Alert Level 2 | . . . . . 2 Low Security (%) 67 | 100 100 100 . 100 35 Level 1 22 | . . . . . 44 Level 2 9 | . . . . . 19 Level 3 . | . . . . . . Level 4 . | . . . . . . Level 5 . | . . . . . . High Security . | . . . . . . Max Security . | . . . . . . Peak Influence 524 | 20 66 6 . 68 524 Initial 6 | . 6 6 . . . Average 129 | 2 22 1 . 9 244 Influence Increases 1213 | 20 80 . . 78 1035 Destroy 0b10 Robot/C 720 | 20 60 . . 60 580 Destroy 0b10 Robot/NC 20 | . . . . . 20 Destroy Leader 132 | . 10 . . 10 112 Allied During Kill 28 | . . . . 8 20 Successful Hack 4 | . 4 . . . . Disable Machine 15 | . . . . . 15 Anti-Garrison Action 150 | . . . . . 150 Destroy Structure 9 | . 6 . . . 3 Lose Combat Pursuer 135 | . . . . . 135 Influence Decreases 699 | 10 74 16 . 78 521 Entered New Map 14 | . 4 10 . . . Time Decay 465 | 10 50 6 . 58 341 Lost Part 180 | . 20 . . . 160 Lost Ally 40 | . . . . 20 20 Squads Dispatched 6 | . . . . . 6 Investigation 1 | . . . . . 1 Extermination . | . . . . . . Reinforcement 2 | . . . . . 2 Assault 3 | . . . . . 3 Garrison . | . . . . . . Intercept . | . . . . . . Searches Triggered . | . . . . . . Construction Impeded 1 | . . . . . 1 Haulers Reinforced . | . . . . . . Active Scanning Responses . | . . . . . . Cargo Convoy Interrupts . | . . . . . . Stealth | -11 -10 -10 -10 -9 -8 --------- Run | Yrd Mat Min Exi Min Mat Distress Signals 5 | . 1 . . . 4 Communications Jammed . | . . . . . . Distress Signals . | . . . . . . Times Spotted 67 | 1 5 5 . 3 53 Peak Tracking Total 10 | 1 3 2 . 3 10 Tactical Retreats 6 | . . . . . 6 Traps | -11 -10 -10 -10 -9 -8 ------- Run | Yrd Mat Min Exi Min Mat Traps Triggered 2 | . . . . . 2 Indirectly . | . . . . . . Trap Hack Attempts . | . . . . . . Triggered . | . . . . . . Disarmed . | . . . . . . Reprogrammed . | . . . . . . Reused . | . . . . . . Traps Extracted . | . . . . . . Installed . | . . . . . . Triggered . | . . . . . . Machines | -11 -10 -10 -10 -9 -8 ---------- Run | Yrd Mat Min Exi Min Mat Machines Disabled 2 | . . . . . 2 Max in Single Turn 1 | . . . . . 1 Garrison Access 1 | . . . . . 1 Machines Repaired . | . . . . . . Machines Dismantled . | . . . . . . Machines Sabotaged . | . . . . . . Overloaded Fab Kills . | . . . . . . Hacking | -11 -10 -10 -10 -9 -8 --------- Run | Yrd Mat Min Exi Min Mat Machines Accessed 10 | . 1 . 5 1 3 Terminals 4 | . 1 . . . 3 Fabricators . | . . . . . . Repair Stations . | . . . . . . Recycling Units . | . . . . . . Scanalyzers . | . . . . . . Garrison Access . | . . . . . . Total Hacks 61 | . 2 . 50 1 8 Successful 59 | . 2 . 50 1 6 Failed 2 | . . . . . 2 Catastrophic . | . . . . . . Database Lockouts . | . . . . . . Manual 1 | . . . 1 . . Terminals 10 | . 2 . . . 8 Fabricators . | . . . . . . Repair Stations . | . . . . . . Recycling Units . | . . . . . . Scanalyzers . | . . . . . . Garrison Access . | . . . . . . Terminal Hacks 59 | . 2 . 50 1 6 Record 52 | . 2 . 49 . 1 Open Door 1 | . . . . 1 . Emergency Access Points 1 | . . . . . 1 Alert Level 2 | . . . . . 2 Dispatch Records 1 | . . . . . 1 Assault Status 1 | . . . . . 1 Proto ID Catalog 1 | . . . 1 . . Fabricator Hacks . | . . . . . . Repair Station Hacks . | . . . . . . Recycling Unit Hacks . | . . . . . . Scanalyzer . | . . . . . . Garrison Access Hacks . | . . . . . . Unauthorized Hacks . | . . . . . . Terminals . | . . . . . . Fabricators . | . . . . . . Repair Stations . | . . . . . . Recycling Units . | . . . . . . Scanalyzers . | . . . . . . Garrison Access . | . . . . . . Data Cores Recovered . | . . . . . . Used . | . . . . . . Hacking Detections 1 | . . . . . 1 Full Trace Events . | . . . . . . Feedback Events . | . . . . . . Feedback Blocked . | . . . . . . Robot Schematics Acquired . | . . . . . . Robots Built . | . . . . . . Authchips . | . . . . . . Time . | . . . . . . Total Robot Build Rating . | . . . . . . Part Schematics Acquired . | . . . . . . Parts Built . | . . . . . . Authchips . | . . . . . . Time . | . . . . . . Total Part Build Rating . | . . . . . . Part Studies Acquired . | . . . . . . Parts Repaired . | . . . . . . Time . | . . . . . . Parts Recycled . | . . . . . . Recycled Matter . | . . . . . . Retrieved Matter . | . . . . . . Retrieved Components . | . . . . . . Parts Scanalyzed . | . . . . . . Part Schematics Acquired . | . . . . . . Parts Damaged . | . . . . . . Bothacking | -11 -10 -10 -10 -9 -8 ------------ Run | Yrd Mat Min Exi Min Mat Used RIF Installer . | . . . . . . Robots Hacked . | . . . . . . Non-combat . | . . . . . . Combat . | . . . . . . Robot Hacks Applied . | . . . . . . Relay Couplers Released 1 | . . . . . 1 Machine Destruction 1 | . . . . . 1 Fabnet Peak Effective % . | . . . . . . Robots Rewired . | . . . . . . Allies Hacked . | . . . . . . Hacks Repelled . | . . . . . . Allies | -11 -10 -10 -10 -9 -8 -------- Run | Yrd Mat Min Exi Min Mat Total Allies 2 | . . . . 2 . Largest Group 2 | . . . . 2 1 Highest-Rated Group 41 | . . . . 41 31 Highest-Rated Ally 31 | . . . . 31 31 Total Orders . | . . . . . . Ally Attacks 31 | . . . . 10 21 Total Damage 292 | . . . . 82 210 Kills 5 | . . . . 2 3 Allies Corrupted . | . . . . . . Allies Melted . | . . . . . . Intel | -11 -10 -10 -10 -9 -8 ------- Run | Yrd Mat Min Exi Min Mat Active Infowar (turns) . | . . . . . . Robot Analysis Total . | . . . . . . Derelict Logs Recovered 1 | . . . . 1 . Drone Launches . | . . . . . . Drone Recoveries . | . . . . . . Exploration | -11 -10 -10 -10 -9 -8 ------------- Run | Yrd Mat Min Exi Min Mat Turns Passed 1932 | 112 169 105 359 385 802 Spaces Moved 1900 | 115 154 103 707 277 544 Core 896 | 20 . 74 707 87 8 Treads . | . . . . . . Legs 237 | . . . . 190 47 Wheels 767 | 95 154 29 . . 489 Hover . | . . . . . . Flight . | . . . . . . Fastest Speed 50 | 50 80 50 50 50 86 Average Speed 80 | 74 80 58 50 132 100 Slowest Speed 400 | 80 80 80 50 250 400 Overloaded Moves . | . . . . . . Propulsion Burnouts . | . . . . . . Robots Hopped . | . . . . . . Potential Cave-ins . | . . . . . . Cave-ins Triggered . | . . . . . . Time Travels 1 | . . . 1 . . Exploration Rate (%) 46 | 5 30 48 93 60 41 Regions Visited 5 Branch Regions 3 Pre-discovered Areas 2 | . . . 1 1 . Known Exits Taken . | . . . . . . Unknown Exits Taken 5 | 1 1 1 1 1 . Scrap Searched 1 | . . . . 1 . Spaces Dug . | . . . . . . Terrain Destroyed 5 | . 5 . . . . Melee . | . . . . . . Projectile . | . . . . . . AOE 5 | . 5 . . . . Terrain Rammed . | . . . . . . Walls Destroyed . | . . . . . . Machines Disabled . | . . . . . . Actions | -11 -10 -10 -10 -9 -8 --------- Run | Yrd Mat Min Exi Min Mat Total 2128 | 134 170 147 711 293 673 Wait 62 | . . 45 3 1 13 Move 1895 | 114 153 102 706 276 544 Hop . | . . . . . . Pick Up 36 | 8 . . 1 7 20 Fast Attach . | . . . . . . Attach 28 | 5 . . . 7 16 Detach 4 | . . . . . 4 Swap . | . . . . . . Drop 7 | 3 . . . . 4 Fire 87 | 4 17 . . 1 65 Melee 4 | . . . . . 4 Ram 3 | . . . . . 3 Kick 1 | . . . . 1 . Crush . | . . . . . . Escape Stasis . | . . . . . . Rewire 1 | . . . 1 . . Trap . | . . . . . . Miscellaneous . | . . . . . . Route ------- -11/Scrapyard -10/Materials -10/Mines -10/Exiles (discovered 2 exits: *Min x2) -9/Mines -8/Materials (discovered 2 exits: Fac x2) History --------- Turn | Location | Event 2 | -11/Scrapyard | Met Revision 17 81 | -11/Scrapyard | Discovered new exit (range 8) 113 | -11/Scrapyard | Entered Materials 270 | -10/Materials | Discovered new exit (range 16) 282 | -10/Materials | Entered Mines 283 | -10/Mines | Assembled infested the area 296 | -10/Mines | Met 8R-AWN 305 | -10/Mines | Build established: Mutant 337 | -10/Mines | Lost 3 parts (1p2n) 384 | -10/Mines | Discovered new exit (range 5) 387 | -10/Mines | Entered Exiles 398 | -10/Exiles | Discovered new exit (range 15) 403 | -10/Exiles | Welcomed by 8R-AWN 413 | -10/Exiles | Met EX-HEX 442 | -10/Exiles | Met EX-DEC 457 | -10/Exiles | Learned location of Zion (-7) 476 | -10/Exiles | Discovered new exit (range 14) 515 | -10/Exiles | Visited The Gauntlet 591 | -10/Exiles | Met EX-BIN 601 | -10/Exiles | Aligned with FarCom system 601 | -10/Exiles | Given EX-Vault access code 692 | -10/Exiles | Opened EX-Vault 698 | -10/Exiles | Found Chronowheel 700 | -10/Exiles | Activated Chronowheel 700 | -10/Exiles | Spacetime reconverged on an earlier point 708 | -10/Exiles | Warned to stay clear of 0b10 Research branches 746 | -10/Exiles | Entered Mines 761 | -9/Mines | Learned 8 Materials zone layouts 926 | -9/Mines | Learned location of Storage (-9) 985 | -9/Mines | Met a Derelict who couldn't figure out how to use a Trap Extractor 1116 | -9/Mines | Discovered new exit (range 8) 1131 | -9/Mines | Entered Materials 1131 | -8/Materials | Accompanied by 1 ally 1131 | -8/Materials | Evolved 4 slots: Propulsion x2, Utility x1, Weapon x1 1132 | -8/Materials | Identified exit to Factory 1136 | -8/Materials | Led the pair of lost Derelicts to an unsafe place 1193 | -8/Materials | Build established: Scavenger-Mutant 1498 | -8/Materials | Build established: Scavenger-Tank 1576 | -8/Materials | Destroyed 7 combat bots 1657 | -8/Materials | Lost 9 parts (1p1n2u5w) 1896 | -8/Materials | Core integrity fell below 50% 1925 | -8/Materials | Core integrity fell below 20% 1931 | -8/Materials | First assault squad dispatched 1933 | -8/Materials | Destroyed by H-61 Shepherd with Heavy Assault Cannon Last Messages --------------- 01911_ G-47 Trooper suffers critical hit (Burn). 01914_ Critical hit (Burn: +37). 01914_ G-47 Trooper suffers critical hit (Burn). 01914_ G-47 Trooper destroyed. 01915_ K-01 Serf collects debris. 01917_ Prc. Beam Rifle destroyed. 01919_ Aluminum Leg melted. 01919_ Imp. Heat Sink melted. 01919_ G-47 Trooper destroyed. 01920_ K-01 Serf collects debris. 01928_ Knocked back. 01928_ R-06 Scavenger collects Lgt. Nuclear Core. 01930_ K-01 Serf collects debris. 01931_ ALERT: Unidentified disturbance in Zone 2X, assault force dispatched. [Achievement: Significant Disruption] 01931_ R-06 Scavenger collects Lgt. Nuclear Core. 01933_ K-01 Serf collects debris. Map ----- +----------------------------------------------------+ | ???+????????? "" =/!#??????????????# # """ #? | | ??????????????S"" /! ???????????????# # """ #? | | ?????+?????????" ????????????????# # #? | | ??????????????###+################### ###+###### | | ??????????????# # # | | ???# ###### # # | | ???#! + =% """ #[ ==/ # | | ???# [ ###+## """ %! # %= / # | | ??????????#[ # """ ########### %%+!%= /% # | | ??????????#[ # #?????????# #%%% # | | ??????????#! # #?????????# # = # | | ??????????# "# """ #?????????# ^# # | | ??????????# T# """ #?????????### # # | | ??????????#[ "# """ku #???????????# #### T"### | | ??????????# # #???????????# #??#####?? | | ?????????###### #???????????# #????????? | | ???????? ! #???????????# #????????? | | ???????? #???????????# #????????? | | ???????? k #???????????? #????????? | | ?????????###+##########r=%+???????????? #????????? | | ?????????? ??????????# Y # ??????????? #????????? | | ????????? ???????????# ###?????????? ?????????? | | ??????????????????????#% ########### ????????? | | #??# """ #????# #??????? | | #??# #????# % H #??????? | | #??# w " #????# @ k a #??????? | | #??# T ##??#####/######/### #??????? | | #### " #??# g # ### ##??????? | | + ##??# g # #?# #???????? | | ##########"Y"#####???# Y g ! # #?# #??###### | | #?########"""#???????# """ # #?# #??## | | ### """ #####???????# """ ""# #?# #??# | | # "Y" #??????????## """ T"# #?# #??# | | # #??????????# ""# #?# #### | | + #??????????## #####?# | | # #???????????################# | | # #???????????# + | | #########???????????# ###########+########## | | # #????????????# #??????# #???# | | + T #????????????# #??????# """ #???# | | # #????????????# #??????# """"" #???# | | # #????????????# #??????# """"" #???# | | ## #????????????########??????# """"" #???# | | ## #??????????????????????????# """ #???# | | #########??????????????????????????# #???# | | #??????????????????????????????????# #???# | | #??????????????????????????????????# #???## | | #??????????????????????????????????##########????? | | | | | +----------------------------------------------------+ Best States ------------- Heat Dissipation 58 Energy Generation 18 Energy Capacity 310 Matter Stores 300 Matter Capacity 300 Sight Range 16 Terrain Scan Density 10 Armor Coverage 225 Evasion (%) 55 Offensive Hacking 10 Item Schematics ----------------- None Robot Schematics ------------------ None Fabricated ------------ Nothing Repaired ---------- Nothing Studied --------- None Alien Tech Used ----------------- None Achievements -------------- Bumper Bots For Emergencies Only Ghost 'Em Hydra I Have A Map? Librarian Organ Harvest Significant Disruption Sixth Sense Spacetime Is Relative There's More Where That Came From Challenges ------------ None Game ------ Seed PotentialNodeTearclaws Manual? 0 Play Time 00:46:34 Cumulative 0.6 hours Start 2026.08.03 @ 13:17:37 End 2026.08.03 @ 14:00:57 Sessions 1 Manual Loads 0 Difficulty Rogue Special Mode None Game No. 1 Rogue 1 Adventurer 0 Explorer 0 Win Type - Total 0 Types 0/0/0/0/0/0/0/0/0/0 Lore% 5 Gallery% 1 Achievement% 12 Wizard Run 0 Options --------- Layout 1 ASCII 0 Keyboard 1 Movement Numpad Keybinds 0 Fullscreen 1 Font 32/SmallcapsGlow Map View 50x35 Zoom Use 0% Tactical HUD 1 Map Filters NONE Filters NONE Steam 1 RUN: e6f24373-364b-43f2-bd77-e9a39040d578